 Dungeon Crawl Stone Soup version 0.29-a0-283-ga02f740833 (webtiles) character file.

Game seed: 11465173581784121979

25 Dabor the Skirmisher (level 3, 0/24 HPs)
             Began as a Gargoyle Fighter on Mar 13, 2022.
             Slain by a quokka (2 damage)
             ... on level 2 of the Dungeon.
             The game lasted 00:01:06 (1533 turns).

Dabor the Skirmisher (Gargoyle Fighter)             Turns: 1533, Time: 00:01:07

Health: 0/24       AC: 10    Str: 21    XL:     3   Next: 6%
Magic:  3/3        EV:  9    Int:  8    God:
Gold:   57         SH:  4    Dex:  9    Spells: 2/2 levels left

rFire   . . .      SeeInvis .   a - +0 flail
rCold   . . .      Faith    .   c - +0 buckler
rNeg    + . .      Spirit   .   b - +0 scale mail
rPois   ∞          Reflect  .   (no helmet)
rElec   +          Harm     .   (no cloak)
rCorr   .          Rampage  .   (no gloves)
Will    .....                   (no boots)
Stlth   ..........              (no amulet)
HPRegen 0.08/turn               (no ring)
MPRegen 0.08/turn               (no ring)

@: no status effects
A: sickness immunity, AC +3, negative energy resistance 1, electricity
resistance, torment resistance 1, petrification resistance
a: no special abilities


You were on level 2 of the Dungeon.
You visited 1 branch of the dungeon, and saw 2 of its levels.

You collected 57 gold pieces.

Inventory:

Hand Weapons
 a - a +0 flail (weapon)
Armour
 b - a +0 scale mail (worn)
 c - a +0 buckler (worn)
Scrolls
 f - 3 scrolls of identify {unknown}
 g - 2 scrolls of enchant armour {unknown}
 h - a scroll of noise {unknown}
 i - a scroll of holy word {unknown}
 k - a scroll of vulnerability {unknown}
 l - a scroll of immolation {unknown}
 m - a scroll of fog {unknown}
Potions
 d - a potion of might
 e - a potion of curing {unknown}
 j - a potion of cancellation {unknown}
 n - a potion of haste {unknown}


   Skills:
 + Level 3.6 Fighting
 + Level 2.4 Maces & Flails
 + Level 3.6 Armour
 + Level 3.6 Shields


You had 2 spell levels left.
You didn't know any spells.
Your spell library was empty.

Dungeon Overview and Level Annotations

Branches:
Dungeon (2/15)

Altars:


Innate Abilities, Weirdness & Mutations

You are immune to sickness and miasma.
Your stone body is resilient. (AC +3)
You are immune to poison.
You resist negative energy. (rN+)
You are resistant to electric shocks. (rElec)
You are resistant to unholy torment.
You are immune to petrification.


Message History

The quokka closely misses you. The endoplasm freezes you.
You are frozen.
You have reached level 3!
Your experience leads to an increase in your attributes!
Increase (S)trength, (I)ntelligence, or (D)exterity?
You feel stronger. x2
You barely miss the quokka. You block the quokka's attack.
The endoplasm closely misses you.
The quokka bites you but does no damage.
The endoplasm freezes you.
You are frozen.
You hit the quokka but do no damage. You block the quokka's attack.
You block the endoplasm's attack.
The quokka bites you but does no damage.
You closely miss the quokka. The endoplasm hits you.
The quokka closely misses you.
You barely miss the quokka. The quokka bites you. The endoplasm freezes you.
You are frozen.
The quokka bites you.
You are too injured to fight recklessly!
You are too injured to fight recklessly!
You are too injured to fight recklessly!
You are too injured to fight recklessly!
You are too injured to fight recklessly!
You hit the endoplasm but do no damage. The endoplasm freezes you.
You are frozen.
The quokka barely misses you. You block the endoplasm's attack.
You hit the endoplasm.
The endoplasm is moderately wounded.
The quokka bites you but does no damage.
The endoplasm freezes you.
You are frozen.
* * * LOW HITPOINT WARNING * * *
The quokka bites you but does no damage.
You sock the endoplasm!
You kill the endoplasm!
The quokka barely misses you.
You hit the quokka but do no damage. The quokka bites you.
You die...

########## ###
..$......### #..
...........# #..
...........# #..
...........# #..
...........# #######..
...........# #.....#..
......r@..(#####.....#..
........................
...#.#.....#####.....###
.........?............##
...#.#.##+######......##
....... #......##
######. ######.## .. .##
. .##


You could see a quokka.

Vanquished Creatures
  3 ball pythons
  5 endoplasms
  2 giant cockroaches
  2 hobgoblins (D:1)
  3 kobolds
  A quokka (D:1)
  4 goblins
  A rat (D:2)
21 creatures vanquished.

Notes
Turn   | Place    | Note
-------+----------+-------------------------------------------
     0 | D:1      | Dabor the Gargoyle Fighter began the quest for the Orb.
     0 | D:1      | Reached XP level 1. HP: 14/14 MP: 1/1
   476 | D:1      | Reached XP level 2. HP: 19/19 MP: 2/2
  1526 | D:2      | Reached XP level 3. HP: 18/23 MP: 3/3
  1533 | D:2      | Slain by a quokka

Illustrated notes

Levels and vault maps discovered:
D:1:      saegor_arrival_simple_d, layout_basic, minmay_tiny_reverse_x
D:2:      layout_basic, serial_glass, glass_columns_b, glass_columns_b,
          glass_columns_b, glass_columns_a, glass_columns_a, glass_columns_a,
          glass_columns_b, glass_columns_a

Action                   || total
-------------------------++-------
Melee: Flail             ||    80
Armor: Scale mail        ||    41
Dodge: Dodged            ||    29
Block: Buckler           ||    24

Table legend: (Time is in decaauts)
 A = Elapsed time spent in this place.
 B = Non-inter-level travel time spent in this place.
 C = Inter-level travel time spent in this place.
 D = Time resting spent in this place.
 E = Time spent auto-exploring this place.
 F = Levels seen in this place.
 G = Mean time per level.
                   A        B        C        D        E       F      G
               +--------+--------+--------+--------+--------+-----+--------+
         Total |   1558 |   1545 |     13 |      0 |   1356 |   2 |  779.0 |
       Dungeon |   1558 |   1545 |     13 |      0 |   1356 |   2 |  779.0 |
               +--------+--------+--------+--------+--------+-----+--------+

Top non-repeatable levels by time:
     D:1: 1272 daAuts
     D:2: 286 daAuts
